 Dungeon Crawl Stone Soup version 0.24.0-37-gcf1ca852f1 (webtiles) character file.

Game seed: 2786530345958097310, levelgen mode: deterministic

9012 Iamsoldier the Spear-Bearer (level 11, -4/135 HPs)
             Began as a Merfolk Skald on Nov 28, 2019.
             Was a High Priest of Okawaru.
             Slain by a killer bee (7 damage)
             ... on level 9 of the Dungeon.
             The game lasted 00:33:35 (11598 turns).

Iamsoldier the Spear-Bearer (Merfolk Skald)        Turns: 11598, Time: 00:33:35

Health: -4/135     AC: 25    Str: 13    XL:     11   Next: 39%
Magic:  19/20      EV:  2    Int: 14    God:    Okawaru [*****.]
Gold:   259        SH:  0    Dex: 14    Spells: 13/22 levels left

rFire    + + .     SeeInvis +   b - +3 trident (pierce)
rCold    + . .     Gourm    .   (no shield)
rNeg     + + +     Faith    .   (armour currently unavailable)
rPois    +         Spirit   .   (helmet currently unavailable)
rElec    +         Reflect  .   (cloak currently unavailable)
rCorr    +         Harm     +   (gloves currently unavailable)
MR       .....     NoTele   +   (boots currently unavailable)
Stlth    +.........             r - amulet of harm
HPRegen  0.32/turn              m - ring of see invisible
MPRegen  0.17/turn              z - ring of protection from fire

@: tree-form (expiring), resistant
A: (change form in water), (swift swim), (stealthy swim)
a: Heroism, Finesse, Renounce Religion


You were on level 9 of the Dungeon.
You worshipped Okawaru.
Okawaru was extremely pleased with you.
You were not hungry.
You were a tree.
You visited 2 branches of the dungeon, and saw 10 of its levels.

You collected 356 gold pieces.
You spent 97 gold pieces at shops.

Inventory:

Hand Weapons
 a - a +2 spear of flaming
 b - a +3 trident of piercing (weapon)
 w - a +2 bardiche of flaming
Missiles
 q - 8 boomerangs
 D - 4 silver javelins (quivered)
Armour
 h - a +1 pair of gloves (melded)
 i - a +0 leather armour (melded)
 n - a +0 cloak (melded)
 u - a +0 helmet (melded)
Jewellery
 m - a ring of see invisible (left branch)
 r - an amulet of harm (around neck)
 s - the ring "Ygguot" {+Blink rElec rC++ rCorr Dex-5}
   (You found it on level 4 of the Dungeon)

   [ring of resist corrosion]

   It affects your dexterity (-5).
   It greatly protects you from cold.
   It insulates you from electricity.
   It lets you blink.
   It provides partial protection from all sources of acid and corrosion.
 z - a ring of protection from fire (right branch)
Wands
 l - a wand of enslavement (6)
 x - a wand of iceblast (22)
 A - a wand of acid (9)
Scrolls
 c - a scroll of noise {unknown}
 e - 6 scrolls of teleportation
 g - a scroll of identify
 o - a scroll of holy word {unknown}
 p - a scroll of fog {unknown}
 v - a scroll of amnesia {unknown}
 y - a scroll of magic mapping {unknown}
 B - a scroll of summoning {unknown}
 G - a scroll of immolation {unknown}
Potions
 j - a potion of magic
 k - 2 potions of flight
 C - a potion of haste
 H - a potion of might
Comestibles
 d - 16 rations
 F - 4 chunks of flesh


   Skills:
 * Level 9.6 Fighting
 * Level 12.1 Polearms
 + Level 1.0 Armour
 + Level 3.8 Dodging
 - Level 6.1 Spellcasting
 - Level 5.0 Hexes
 - Level 8.6 Charms
 - Level 3.0 Necromancy
 + Level 4.7 Invocations


You had 13 spell levels left.
You knew the following spells:

 Your Spells              Type           Power        Failure   Level  Hunger
a - Infusion              Chrm           ####         1%          1    None
b - Shroud of Golubria    Chrm/Tloc      ###...       4%          2    #......
c - Spectral Weapon       Hex/Chrm       ###.....     2%          3    ###....
d - Regeneration          Chrm/Necr      ###.......   4%          3    ###....

Your spell library contained the following spells:

 Spells                   Type           Power        Failure   Level  Hunger
 Song of Slaying          Chrm           ####....     1%          2    #......


Dungeon Overview and Level Annotations

Branches:
Dungeon (9/15)             Temple (1/1) D:4            Lair (0/6) D:9
    Orc: D:9-12

Altars:
Ashenzari
Cheibriados
Dithmenos
Elyvilon
Fedhas
Gozag
Hepliaklqana
Kikubaaqudgha
Makhleb
Nemelex Xobeh
Okawaru
Qazlal
Ru
Sif Muna
Trog
Uskayaw
Vehumet
Wu Jian
Xom
Yredelemnul
Zin
The Shining One

Shops:
D:4 ?


Message History

Your transformation is almost over.
The killer bee buzzes angrily.
You are too injured to fight recklessly!
You are too injured to fight recklessly!
You are too injured to fight recklessly!
You closely miss the killer bee.
The killer bee stings you but does no damage.
The killer bee buzzes angrily.
You hit the killer bee.
The killer bee is heavily wounded.
You miss the killer bee.
The killer bee is heavily wounded.
The killer bee stings you.
* * * LOW HITPOINT WARNING * * *
The killer bee stings you but does no damage.
You puncture the killer bee!
You kill the killer bee!
Okawaru accepts your kill. The killer bee stings you.
You die...

.(>.........# ##....y..
....#.#.....# ##....#
.....#..##..# #...# ........#####
#..## #.......# #..# ..#.....#
#..# #.##....# #..# ###.....#
##.# #..# #####..## #♣# #..#
.##....# #y## #.y# ####...# #y.#
##..## # ##...## ##.####....#
###.....# #......y..# ##......##
#......y.y### . #........###
##..........###.. .....##....####
########........
....######....###########.......<


You could see 2 killer bees.

Vanquished Creatures
  A death knight (D:8)
  A two-headed ogre (D:8)
  2 skeletal warriors (D:8)
  An ugly thing (D:9)
  Joseph (D:8)
  An elephant (D:9)
  A freezing wraith (D:8)
  A hornet (D:9)
  2 hippogriffs (D:9)
  A yak (D:9)
  A wraith (D:8)
  A basilisk (D:9)
  A hungry ghost (D:7)
  Edmund (D:5)
  4 ice beasts
  3 sky beasts
  An orc warrior (D:8)
  A black bear (D:8)
  2 ogres
  2 phantoms
  6 centaurs
  A crocodile (D:9)
  Blork the orc (D:4)
  5 bullfrogs
  A gnoll sergeant (D:6)
  2 scorpions
  4 killer bees (D:9)
  A howler monkey (D:5)
  5 crimson imps
  2 quasits
  3 jellies (D:9)
  2 centaur skeletons
  5 hounds
  7 orc priests
  7 orc wizards
  A bullfrog skeleton (D:8)
  3 iguanas
  8 worker ants
  A hound skeleton (D:5)
  13 gnolls
  12 adders
  2 shadow imps
  An ooze (D:5)
  2 adder zombies
  5 worms
  2 dart slugs
  4 leopard geckos
  28 orcs
  9 bats
  A giant cockroach (D:1)
  7 goblins
  5 hobgoblins
  31 jackals
  6 kobolds
  5 quokkas
  7 frilled lizards
  2 quokka zombies (D:6)
  5 rats
241 creatures vanquished.

Vanquished Creatures (others)
  6 spectral weapons
6 creatures vanquished.

Grand Total: 247 creatures vanquished

Notes
Turn   | Place    | Note
-------+----------+-------------------------------------------
     0 | D:1      | Iamsoldier the Merfolk Skald began the quest for the Orb.
     0 | D:1      | Reached XP level 1. HP: 16/16 MP: 3/3
   318 | D:1      | Reached XP level 2. HP: 21/22 MP: 0/5
   347 | D:1      | Learned a level 2 spell: Shroud of Golubria
  1059 | D:2      | Reached XP level 3. HP: 28/28 MP: 3/6
  1102 | D:2      | Learned a level 3 spell: Spectral Weapon
  1244 | D:2      | Found a faded altar of an unknown god.
  1830 | D:2      | Reached XP level 4. HP: 31/34 MP: 0/7
  1899 | D:2      | HP: 2/51 [poisoned by an adder]
  2583 | D:3      | Reached skill level 1 in Hexes
  2583 | D:3      | Reached XP level 5. HP: 11/40 MP: 2/8
  3183 | D:3      | Noticed a centaur
  3200 | D:3      | Killed a centaur
  3200 | D:3      | Reached skill level 4 in Polearms
  3539 | D:3      | Reached XP level 6. HP: 44/47 MP: 4/10
  4013 | D:4      | Found a staircase to the Ecumenical Temple.
  4023 | D:4      | Reached skill level 5 in Charms
  4309 | Temple   | Entered the Ecumenical Temple
  4317 | Temple   | Became a worshipper of Warmaster Okawaru
  4615 | D:4      | Noticed Blork the orc
  4623 | D:4      | Killed Blork the orc
  4623 | D:4      | Reached * piety under Okawaru
  4623 | D:4      | Reached XP level 7. HP: 39/53 MP: 2/11
  4773 | D:4      | Reached skill level 5 in Polearms
  5119 | D:4      | Found Usho's Magic Scroll Boutique.
  5136 | D:4      | Got a clouded bone ring
  5138 | D:4      | Identified the ring "Ygguot" {+Blink rElec rC++ rCorr
                  | Dex-5} (You found it on level 4 of the Dungeon)
  5170 | D:4      | Bought a scroll of enchant weapon for 97 gold pieces
  5568 | D:4      | Found an ancient bone altar of Kikubaaqudgha.
  5767 | D:5      | Entered Level 5 of the Dungeon
  6018 | D:5      | Learned a level 3 spell: Regeneration
  6092 | D:5      | Reached XP level 8. HP: 44/61 MP: 9/13
  6197 | D:5      | Reached skill level 6 in Polearms
  6215 | D:5      | Reached ** piety under Okawaru
  6328 | D:5      | Noticed Edmund
  6344 | D:5      | Killed Edmund
  6345 | D:5      | Reached skill level 5 in Fighting
  7065 | D:6      | Reached skill level 7 in Polearms
  7098 | D:6      | Reached *** piety under Okawaru
  7188 | D:6      | Reached skill level 1 in Necromancy
  7188 | D:6      | Reached XP level 9. HP: 69/69 MP: 10/15
  7383 | D:6      | Found an iron altar of Okawaru.
  7438 | D:6      | Reached skill level 8 in Polearms
  8516 | D:8      | Noticed Joseph
  8540 | D:8      | Killed Joseph
  8540 | D:8      | Reached skill level 9 in Polearms
  8540 | D:8      | Reached skill level 1 in Invocations
  8729 | D:8      | Noticed a two-headed ogre
  8743 | D:8      | Killed a two-headed ogre
  8743 | D:8      | Reached **** piety under Okawaru
  8743 | D:8      | Received a gift from Okawaru
  8743 | D:8      | Reached skill level 5 in Spellcasting
  8743 | D:8      | Reached XP level 10. HP: 57/79 MP: 9/17
  8877 | D:8      | Found a glowing silver altar of Zin.
  8880 | D:8      | Found a hazy altar of Hepliaklqana.
  8887 | D:8      | Found a white marble altar of Elyvilon.
  8946 | D:8      | Noticed a death knight
  8946 | D:8      | Noticed a skeletal warrior
  8950 | D:8      | Reached skill level 10 in Polearms
  9282 | D:8      | Noticed a skeletal warrior
  9300 | D:8      | Killed a death knight
  9300 | D:8      | Reached ***** piety under Okawaru
  9312 | D:8      | Killed a skeletal warrior
  9322 | D:8      | Reached skill level 11 in Polearms
  9632 | D:8      | Killed a skeletal warrior
  9797 | D:8      | Received a gift from Okawaru
  9906 | D:8      | Reached XP level 11. HP: 81/89 MP: 14/19
 10253 | D:9      | Found a staircase to the Lair.
 11035 | D:9      | Reached skill level 5 in Hexes
 11373 | D:9      | Noticed a green ugly thing
 11390 | D:9      | Killed a green ugly thing
 11390 | D:9      | Reached skill level 12 in Polearms
 11483 | D:9      | Reached skill level 1 in Armour
 11568 | D:9      | HP: 4/89 [poisoned by a killer bee]
 11572 | D:9      | HP: 1/89 [poisoned by a killer bee]
 11581 | D:9      | HP: 2/135 [poisoned by a killer bee]
 11589 | D:9      | HP: 3/135 [poisoned by a killer bee]
 11597 | D:9      | HP: 3/135 [killer bee (2)]
 11598 | D:9      | Slain by a killer bee

Levels and vault maps discovered:
D:1:      ncdulo_lavacross, layout_loops_ring, ebering_dispersal_statue_hall
D:2:      layout_basic, chequers_ecumenical_altar_island, first_ration
D:3:      layout_basic
D:4:      layout_basic, lemuel_round_altar, minmay_temple_entry_proselytizer,
          serial_shops, shop, uniq_blork_the_orc
D:5:      layout_loops_corners, grunt_decor_mini_mirrors, minivault_14,
          minmay_misc_feat_plants, uniq_edmund
D:6:      layout_basic, okawaru_altar_gauntlet_db
D:7:      layout_cave_pools
D:8:      layout_cave_pools, minitemple, uniq_joseph
D:9:      layout_layer_cave, david_lair_generic
Temple:   eino_narrow_crystal_temple

Skill      XL: |  1  2  3  4  5  6  7  8  9 10 11 |
---------------+----------------------------------+-----
Dodging        | 3 |  3.8
Charms         | 4 5 6 7 8 |  8.6
Hexes          | 1 2 3 4 5 |  5.0
Fighting       | 3 4 5 7 9 |  9.6
Polearms       | 4 5 7 9 11 12 | 12.1
Spellcasting   | 3 4 5 6 |  6.1
Necromancy     | 1 2 3 |  3.0
Invocations    | 2 4 |  4.7
Armour         | 1 |  1.0

Action                   |  1- 3 |  4- 6 |  7- 9 | 10-12 || total
-------------------------+-------+-------+-------+-------++-------
Melee: Spear             |    98 |   154 |   379 |       ||   631
       Dagger            |    21 |    32 |       |       ||    53
       Trident           |       |       |    11 |   195 ||   206
 Cast: Infusion          |    10 |     6 |     3 |     1 ||    20
       Shroud of Golubri |     2 |     6 |    24 |    17 ||    49
       Spectral Weapon   |       |     4 |    20 |    20 ||    44
       Regeneration      |       |       |       |     2 ||     2
Invok: Heroism           |       |       |       |     3 ||     3
Evoke: Wand              |       |       |       |     1 ||     1
  Use: Potion            |       |     5 |       |     5 ||    10
       Scroll            |       |     3 |     9 |     3 ||    15
 Stab: Invisible         |       |     1 |       |       ||     1
       Sleeping          |       |     1 |     1 |     1 ||     3
       Distracted        |       |       |       |     2 ||     2
  Eat: Chunk             |     3 |    10 |    16 |    12 ||    41
Armor: Leather armour    |    13 |    25 |    49 |    46 ||   133
       Skin              |       |    12 |       |     6 ||    18
Dodge: Dodged            |    42 |    97 |   188 |   147 ||   474
